 Dungeon Crawl Stone Soup version 0.24.0-124-g2791043dd8 (webtiles) character file.

Game seed: 12579904487978121507, levelgen mode: deterministic

197306 sanka the Ninja (level 17, -10/89 HPs)
             Began as a Spriggan Enchanter on Feb 14, 2020.
             Was the Champion of Wu Jian.
             Killed from afar by a manticore (11 damage)
             ... with a volley of spikes
             ... on level 1 of the Shoals on Feb 15, 2020.
             The game lasted 02:43:48 (51232 turns).

sanka the Ninja (Spriggan Enchanter)               Turns: 51232, Time: 02:43:49

Health: -10/89     AC:  8    Str:  4    XL:     17   Next: 77%
Magic:  0/32       EV: 33    Int: 25    God:    Wu Jian [******]
Gold:   1058       SH:  9    Dex: 22    Spells: 21/37 levels left

rFire    + . .     SeeInvis +   a - +2 dagger (elec)
rCold    . . .     Gourm    .   V - +0 buckler
rNeg     + . .     Faith    .   S - +2 robe {Archmagi}
rPois    .         Spirit   +   n - +2 hat of the Bear Spirit {Spirit, +Rage rN+ MR++}
rElec    +         Reflect  .   h - +1 cloak "Suolay" {rElec rF+ rCorr SInv}
rCorr    +         Harm     .   (gloves unavailable)
MR       ++++.                  (boots unavailable)
Stlth    +++++.....             (no amulet)
HPRegen  0.24/turn              q - +5 ring of dexterity
MPRegen  0.23/turn              o - +2 ring of intelligence

@: marked, barbed spikes, slow
A: very small, unfitting armour, see invisible, herbivore, speed 3, slow
metabolism 2
}: 1/15 runes: gossamer
a: Wall Jump, Serpent's Lash, Heavenly Storm, Renounce Religion, Evoke Berserk
Rage


You were on level 1 of the Shoals.
You worshipped Wu Jian.
Wu Jian was exalted by your worship.
You were not hungry.

You visited 6 branches of the dungeon, and saw 29 of its levels.
You also visited: Sewer, Bailey and Ice Cave.

You collected 3283 gold pieces.
You spent 2225 gold pieces at shops.


Innate Abilities, Weirdness & Mutations

You are very small and have problems with some larger weapons.
You are too small for most types of armour.
You have supernaturally acute eyesight. (SInv)
You are a herbivore.
You cover ground extremely quickly.
You need to consume almost no food.


   Skills:
 - Level 10.0 Fighting
 - Level 10.0 Short Blades
 + Level 15.1 Dodging
 O Level 27 Stealth
 - Level 7.2 Shields
 + Level 10.8 Spellcasting
 - Level 4.0 Conjurations
 * Level 13.8 Hexes
 + Level 1.0 Air Magic
 + Level 1.1 Poison Magic
 - Level 8.0 Evocations


You had 21 spell levels left.
You knew the following spells:

 Your Spells              Type           Power        Failure   Level  Hunger
c - Mephitic Cloud        Conj/Pois/Air  #####...     6%          3    None
v - Dazzling Spray        Conj/Hex       ######       1%          3    None
x - Confuse               Hex            #######.     1%          3    None
z - Ensorcelled Hibernat  Hex/Ice        ######       1%          2    None
X - Fulminant Prism       Conj/Hex       ######....   1%          4    None
Z - Corona                Hex            #######      0%          1    None

Your spell library contained the following spells:

 Spells                   Type           Power        Failure   Level  Hunger
 Magic Dart               Conj           ####         1%          1    None
 Sting                    Conj/Pois      ####         1%          1    None
 Searing Ray              Conj           ######       1%          2    None
 Slow                     Hex            #######.     1%          2    None
 Summon Guardian Golem    Hex/Summ       ######..     1%          3    None
 Tukima's Dance           Hex            #######.     1%          3    None
 Throw Frost              Conj/Ice       #####.       3%          2    None
 Animate Skeleton         Necr           N/A          4%          1    None
 Beastly Appendage        Tmut           ###...       4%          1    None
 Freeze                   Ice            ###.         4%          1    None
 Pain                     Necr           ###.         4%          1    None
 Summon Small Mammal      Summ           ###.         4%          1    None
 Poisonous Vapours        Pois/Air       ####..       4%          2    None
 Conjure Flame            Conj/Fire      #####...     6%          3    None
 Blink                    Tloc           N/A          7%          2    None
 Call Imp                 Summ           ###.....     7%          2    None
 Sticks to Snakes         Tmut           ###.....     7%          2    None
 Iskenderun's Mystic Bla  Conj           ######..     9%          4    None
 Spider Form              Tmut/Pois      ###.......   11%         3    None
 Call Canine Familiar     Summ           ###.....     14%         3    None
 Ozocubu's Armour         Chrm/Ice       ###.....     14%         3    None
 Regeneration             Chrm/Necr      ###.......   14%         3    None
 Vampiric Draining        Necr           ###.......   14%         3    None
 Force Lance              Conj/Tloc      #####...     21%         4    None
 Throw Icicle             Conj/Ice       #####...     21%         4    None
 Olgreb's Toxic Radiance  Pois           ####....     28%         4    None
 Summon Lightning Spire   Summ/Air       ###.....     34%         4    None
 Animate Dead             Necr           N/A          41%         4    None
 Ice Form                 Ice/Tmut       ###.....     41%         4    None
 Summon Ice Beast         Ice/Summ       ###.....     41%         4    None
 Venom Bolt               Conj/Pois      #####.....   41%         5    ####...
 Blade Hands              Tmut           ###.......   77%         5    ####...

Inventory:

Hand Weapons
 a - a +2 dagger of electrocution (weapon)
 b - the +1 short sword "Dianoyc" {pierce, rC++}

   It inflicts extra damage upon your enemies.
   It greatly protects you from cold.
 u - a +1 dagger of draining
Missiles
 D - 3 throwing nets {=f}
Armour
 h - the +1 cloak "Suolay" (worn) {rElec rF+ rCorr SInv}

   It protects you from fire.
   It insulates you from electricity.
   It lets you see invisible.
   It provides partial protection from all sources of acid and corrosion.
 n - the +2 hat of the Bear Spirit (worn) {Spirit, +Rage rN+ MR++}

   It protects you from negative energy.
   It affects your resistance to hostile enchantments.
   It lets you go berserk.
 S - a +2 robe of the Archmagi (worn)
 V - a +0 buckler (worn)
Jewellery
 o - a +2 ring of intelligence (right hand)
 q - a +5 ring of dexterity (left hand)
 x - an uncursed ring of protection from fire
 N - an uncursed ring of poison resistance
 P - an uncursed ring of stealth
 W - an uncursed ring of ice
Wands
 f - a wand of enslavement (7)
 k - a wand of paralysis (9)
 l - a wand of polymorph (9)
 m - a wand of disintegration (3)
 r - a wand of iceblast (18)
 I - a wand of acid (2)
 K - a wand of digging (12)
Scrolls
 c - 2 scrolls of summoning
 e - 11 scrolls of remove curse
 i - 4 scrolls of amnesia
 p - 7 scrolls of enchant weapon
 s - 4 scrolls of magic mapping
 t - 5 scrolls of fear
 w - 3 scrolls of fog
 y - 5 scrolls of blinking
 z - 14 scrolls of teleportation {@r4}
 B - 2 scrolls of immolation {!r}
 F - a scroll of vulnerability {!r}
 M - 3 scrolls of brand weapon
 O - a scroll of holy word {unknown}
 Y - a scroll of identify {@r1}
Potions
 g - 7 potions of curing {@q1}
 j - 14 potions of heal wounds {@q2}
 v - 4 potions of invisibility
 A - 3 potions of flight
 C - 6 potions of mutation {!q}
 E - 5 potions of might
 G - 7 potions of agility
 H - 10 potions of lignification {!q}
 J - 6 potions of haste {@q3}
 L - 2 potions of resistance
 Q - 2 potions of berserk rage {!q}
 R - 2 potions of brilliance {unknown}
 T - 3 potions of cancellation {unknown}
 U - 4 potions of ambrosia
 X - 3 potions of magic
Comestibles
 d - 38 rations

Dungeon Overview and Level Annotations

Branches:
Dungeon (15/15)            Temple (1/1) D:4            Lair (6/6) D:9
 Shoals (1/4) Lair:2       Spider (4/4) Lair:2        Slime (0/5) Lair:5
    Orc (2/2) D:11            Elf (0/3) Orc:2        Vaults (0/5) D:13
 Depths (0/5) D:15          Sewer (visited)          Bailey (visited)
  IceCv (visited)

Altars:
Ashenzari
Cheibriados
Dithmenos
Elyvilon
Fedhas
Gozag
Hepliaklqana
Kikubaaqudgha
Makhleb
Nemelex Xobeh
Okawaru
Qazlal
Ru
Sif Muna
Trog
Uskayaw
Vehumet
Wu Jian
Xom
Yredelemnul
Zin
The Shining One
Beogh
Jiyva

Shops:
D:13 :   D:14 !   Orc:1 (   Orc:2 *![[

Annotations:
Lair:5 1 runed translucent door

≈P....P≈≈≈≈≈≈≈≈≈≈≈≈≈≈....
≈≈..▒..≈≈≈≈P≈≈≈≈≈≈≈≈≈...
≈≈≈▒▒!≈≈≈≈≈≈≈≈≈≈≈.....▒▒
≈≈≈..≈≈≈≈≈≈≈≈≈≈≈≈......▒
≈≈≈≈≈≈≈≈≈≈≈≈≈≈≈.......H▒▒▒..≈
≈≈≈≈≈≈≈≈≈≈P≈≈≈....≈▒▒.......≈
≈≈≈≈≈≈≈≈≈≈PP........▒....≈≈≈≈
≈≈≈....≈≈≈≈≈≈P.≈≈SH.l≈≈≈≈≈≈≈≈
.(....▒...P≈P..≈i≈≈≈≈≈≈≈≈≈≈≈≈
▒▒▒.).....≈≈.....≈≈≈≈≈≈≈≈≈≈≈≈
▒ ▒.)≈≈≈≈≈≈≈....≈≈≈≈≈≈≈.≈≈≈≈≈
▒▒▒.≈≈≈≈≈≈≈≈≈≈≈≈≈≈≈≈≈≈≈m...≈≈
..)†≈≈≈≈≈≈≈≈≈≈≈≈≈≈≈≈≈≈≈....≈≈
....≈≈≈≈≈≈≈≈≈≈≈≈≈≈≈≈≈≈≈..▒.
.....≈≈≈≈≈.≈≈≈≈≈≈≈≈≈t≈≈≈..
.....≈≈≈≈≈≈≈≈≈≈≈≈≈≈≈≈≈≈.≈≈
....≈≈≈≈≈≈≈≈≈≈≈≈≈≈≈≈≈≈≈.≈≈


You could see a sea snake, a snapping turtle, a wind drake, a manticore and a
merfolk siren.


Message History

The sea snake poisons you!
A merfolk siren comes into view. It is wielding a +0 spear.
Unknown command.
* * * LOW HITPOINT WARNING * * *
You feel sick. The sea snake misses you.
You enter the shallow water.
You spin and attack the sea snake repeatedly.
You miss the sea snake.
The sea snake is moderately wounded.
You hit the sea snake but do no damage.
The sea snake is moderately wounded.
Your unstable footing causes you to fumble your attack.
* * * LOW HITPOINT WARNING * * *
You feel very sick. The sea snake misses you.
The sea snake bites you but does no damage.
The wind drake flaps its wings at you. The air twists around and strikes you!
* * * LOW HITPOINT WARNING * * *
You block the sea snake's attack.
Unknown command.
A snapping turtle comes into view.
The wind drake flaps its wings at you. The air twists around and strikes you!!
* * * LOW HITPOINT WARNING * * *
The manticore flicks its tail.
The volley of spikes hits you!
The barbed spikes become lodged in your body.
You die...

Action                   |  1- 3 |  4- 6 |  7- 9 | 10-12 | 13-15 | 16-18 || total
-------------------------+-------+-------+-------+-------+-------+-------++-------
Melee: Dagger            |   114 |    42 |   150 |   422 |  1262 |   527 ||  2517
       Short sword       |       |       |       |       |   166 |       ||   166
 Fire: Hunting sling     |    15 |    13 |     3 |       |       |       ||    31
 Cast: Corona            |     7 |       |       |       |       |       ||     7
       Ensorcelled Hiber |    39 |    25 |    98 |   259 |   445 |   314 ||  1180
       Confuse           |     2 |     3 |    15 |    52 |   162 |    50 ||   284
       Dazzling Spray    |       |       |       |       |     5 |       ||     5
       Fulminant Prism   |       |       |       |       |     1 |    19 ||    20
Invok: Lunge             |       |     1 |    26 |    84 |   124 |    72 ||   307
       Whirlwind         |       |       |     5 |    23 |    80 |    44 ||   152
Evoke: Wand              |       |       |       |     1 |    36 |       ||    37
  Use: Potion            |       |       |     3 |     1 |     3 |     5 ||    12
       Scroll            |       |       |       |     9 |    13 |     4 ||    26
 Stab: Sleeping          |    21 |    26 |    86 |   170 |   316 |   214 ||   833
       Distracted        |     1 |     1 |     1 |     8 |    17 |    18 ||    46
       Confused          |       |     2 |    11 |    39 |    82 |    17 ||   151
       Petrified         |       |       |       |       |     1 |       ||     1
       Held in net/web   |       |       |       |       |       |     1 ||     1
  Eat: Ration            |     1 |     2 |     2 |     4 |    12 |     6 ||    27
Armor: Robe              |    12 |     3 |     6 |    14 |     6 |    45 ||    86
       Steam dragon scal |       |       |       |       |    58 |     1 ||    59
Dodge: Dodged            |   107 |    49 |   115 |   364 |   938 |   692 ||  2265
Block: Buckler           |       |       |       |       |   407 |   252 ||   659

Levels and vault maps discovered:
D:1:      nicolae_arrival_washed_ashore, layout_rooms
D:2:      layout_loops_ring, first_ration, uniq_sigmund
D:3:      layout_loops_ring, nicolae_overflow_crystal_walls,
          chequers_serial_rivers_micro_b
D:4:      layout_basic, minmay_temple_entry_grid, serial_glass, glass_columns_a,
          glass_columns_a, glass_columns_c, grunt_gozag_statues, uniq_menkaure
D:5:      layout_loops_ring, portal_sewer_entry_b
D:6:      layout_basic
D:7:      layout_gridville, yredelemnul_altar_generic, basic_altar,
          minmay_strange_pillars, trog_wizard, uniq_joseph
D:8:      layout_loops_corners, kennysheep_mini
D:9:      layout_roguey, lemuel_coloured_pillars_altar,
          due_lair_maze_entry_diamond, serial_undead, serial_undead_d,
          serial_undead_a, serial_undead_d, serial_undead_d
D:10:     layout_roguey
D:11:     layout_loops_ring, orc_0_dummy, basic_altar, hangedman_stone_soup
D:12:     layout_irregular_city, serial_glass, glass_columns_a, glass_columns_a,
          glass_columns_a, glass_columns_c, glass_columns_a, glass_columns_a,
          glass_columns_a, glass_columns_a, uniq_gastronok, uniq_azrael
D:13:     layout_roguey, hangedman_vaults_entry_quadrant_bands, serial_shops,
          shop, uniq_kirke
D:14:     layout_stronghold, enter_bailey_8, nrook_mini_backslash, serial_shops,
          shop
D:15:     gammafunk_enter_depths_forms, layout_rooms, uniq_nessos
Temple:   regret_index_temple_mists
Lair:1:   layout_gridlike, serial_bayou_lagoon_a, cheibrodos_lair_reptile_den
Lair:2:   gammafunk_lair_enchanted_lake, layout_long_grid,
          elwin_shoals_entry_stream, spider_nest_entry_webs,
          grunt_forest_stairs_basic
Lair:3:   layout_long_grid, st_stairs_7, lemuel_fruit_tree, lemuel_fruit_fields,
          serial_bayou_shore_b
Lair:4:   layout_misc_corridors, beast_lair_carwin_5, grunt_megastairs_5
Lair:5:   layout_regular_city, slime_altar_2, lemuel_fruit_fields,
          serial_bayou_shore_b, uniq_josephine
Lair:6:   grunt_lair_end_beastmaster, layout_layer_cave, serial_bayou_shore_a,
          uniq_rupert
Shoals:1: layout_shoals
Spider:1: layout_spider_delve
Spider:2: layout_spider_delve, drop_trap, nicolae_arachne_temple
Spider:3: layout_spider_delve, hangedman_stitches_earthworm
Spider:4: grunt_spider_rune_circles
Orc:1:    layout_caves, serial_shops, shop, mines1_david, uniq_maurice,
          uniq_urug
Orc:2:    st_orc_pillars, layout_caves, portal_ice_cave_entry_pillars_1

Notes
Turn   | Place    | Note
-------+----------+-------------------------------------------
     0 | D:1      | sanka the Spriggan Enchanter began the quest for the Orb.
     0 | D:1      | Reached XP level 1. HP: 9/9 MP: 5/5
   446 | D:1      | Reached XP level 2. HP: 7/13 MP: 4/6
   461 | D:2      | Learned a level 2 spell: Ensorcelled Hibernation
   539 | D:2      | Reached skill level 5 in Stealth
   678 | D:1      | Reached skill level 2 in Short Blades
  1211 | D:1      | Reached XP level 3. HP: 16/16 MP: 0/8
  1842 | D:1      | Learned a level 3 spell: Confuse
  2254 | D:2      | Reached skill level 6 in Stealth
  2397 | D:2      | Noticed Sigmund
  2430 | D:2      | Noticed a scorpion
  2437 | D:2      | Killed a scorpion
  2437 | D:2      | Reached skill level 3 in Short Blades
  2437 | D:2      | Reached XP level 4. HP: 12/21 MP: 6/9
  2933 | D:2      | Killed Sigmund
  2933 | D:2      | Reached skill level 4 in Short Blades
  2933 | D:2      | Reached skill level 8 in Stealth
  2933 | D:2      | Reached XP level 5. HP: 24/24 MP: 10/10
  2970 | D:3      | Found a burning altar of Makhleb.
  2998 | D:3      | Reached XP level 6. HP: 28/28 MP: 6/11
  3170 | D:3      | Reached skill level 5 in Short Blades
  3971 | D:4      | Noticed Menkaure
  3975 | D:4      | Reached skill level 3 in Spellcasting
  4001 | D:4      | Killed Menkaure
  4001 | D:4      | Reached skill level 4 in Hexes
  4381 | D:4      | Reached skill level 4 in Spellcasting
  4400 | D:4      | Found a staircase to the Ecumenical Temple.
  4407 | Temple   | Entered the Ecumenical Temple
  4568 | Temple   | Became a worshipper of the Wu Jian Council
  4594 | D:4      | Found an opulent altar of Gozag.
  4608 | D:4      | Noticed a sky beast
  4616 | D:4      | Killed a sky beast
  4616 | D:4      | Reached skill level 5 in Hexes
  4616 | D:4      | Reached XP level 7. HP: 20/32 MP: 9/14
  5020 | D:5      | Entered Level 5 of the Dungeon
  5185 | D:5      | Reached skill level 5 in Spellcasting
  5345 | D:5      | Found a glowing drain.
  5353 | D:5      | Reached skill level 6 in Hexes
  5394 | Sewer    | Entered a sewer
  5533 | Sewer    | Reached * piety under Wu Jian
  5661 | Sewer    | Reached skill level 6 in Spellcasting
  5817 | Sewer    | Reached XP level 8. HP: 37/37 MP: 9/18
  6288 | D:5      | Reached skill level 1 in Fighting
  6361 | D:6      | Reached skill level 7 in Hexes
  6376 | D:6      | Reached skill level 4 in Dodging
  6680 | D:6      | Reached skill level 2 in Fighting
  6680 | D:6      | Reached skill level 5 in Dodging
  6680 | D:6      | Reached skill level 7 in Spellcasting
  6866 | D:6      | Reached ** piety under Wu Jian
  6889 | D:6      | Noticed a two-headed ogre
  6992 | D:6      | Killed a two-headed ogre
  6992 | D:6      | Reached skill level 3 in Fighting
  6992 | D:6      | Reached skill level 7 in Dodging
  6992 | D:6      | Reached skill level 8 in Hexes
  6992 | D:6      | Reached XP level 9. HP: 43/44 MP: 10/20
  7052 | D:6      | Learned a level 3 spell: Mephitic Cloud
  7417 | D:6      | Reached skill level 8 in Dodging
  7782 | D:7      | Reached skill level 4 in Fighting
  7782 | D:7      | Reached skill level 9 in Hexes
  7799 | D:7      | Reached skill level 9 in Stealth
  7890 | D:7      | Found a hazy altar of Hepliaklqana.
  8038 | D:7      | Found a bloodstained altar of Trog.
  8039 | D:7      | Noticed a wizard
  8045 | D:7      | Killed a wizard
  8068 | D:7      | Reached skill level 6 in Short Blades
  8168 | D:7      | Noticed Joseph
  8179 | D:7      | Killed Joseph
  8179 | D:7      | Reached skill level 10 in Stealth
  8346 | D:7      | Found a basalt altar of Yredelemnul.
  8440 | D:7      | Reached XP level 10. HP: 40/49 MP: 15/21
  8443 | D:7      | Reached skill level 7 in Short Blades
  8893 | D:7      | Reached skill level 11 in Stealth
  8968 | D:8      | Noticed a cyan ugly thing
  8972 | D:8      | Killed a cyan ugly thing
  9110 | D:8      | Reached *** piety under Wu Jian
  9328 | D:8      | Reached skill level 8 in Short Blades
  9333 | D:8      | Learned a level 3 spell: Dazzling Spray
  9431 | D:8      | Reached skill level 12 in Stealth
  9540 | D:8      | Found an iron altar of Okawaru.
 10205 | D:9      | Found a staircase to the Lair.
 10582 | D:9      | Reached skill level 9 in Dodging
 10810 | D:9      | Reached skill level 8 in Spellcasting
 10822 | D:9      | Reached **** piety under Wu Jian
 10945 | D:9      | Reached XP level 11. HP: 54/54 MP: 24/24
 11017 | D:9      | Reached skill level 13 in Stealth
 11111 | D:9      | Reached skill level 5 in Fighting
 11280 | D:9      | Found a shadowy altar of Dithmenos.
 11314 | D:10     | Entered Level 10 of the Dungeon
 11344 | D:10     | Reached skill level 10 in Hexes
 11701 | D:10     | Reached skill level 10 in Dodging
 11824 | D:10     | Noticed an eight-headed hydra
 11828 | D:10     | Killed an eight-headed hydra
 11987 | D:10     | Reached ***** piety under Wu Jian
 12175 | D:10     | Identified the +1 leather armour of Duedwud {rCorr}
 12530 | D:11     | Reached skill level 14 in Stealth
 12613 | D:13     | Reached skill level 6 in Fighting
 12615 | D:13     | Reached skill level 11 in Dodging
 12838 | D:13     | Noticed an ogre mage
 12872 | D:13     | Noticed a two-headed ogre
 12877 | D:13     | Reached skill level 15 in Stealth
 13031 | D:13     | Found Hugoa's Book Boutique.
 13064 | D:13     | Reached skill level 12 in Dodging
 13101 | D:13     | Noticed a skeletal warrior
 13133 | D:13     | Killed a skeletal warrior
 13403 | D:13     | Reached skill level 13 in Dodging
 13403 | D:13     | Reached XP level 12. HP: 47/61 MP: 13/25
 13586 | D:13     | Noticed Kirke
 13707 | D:12     | Noticed Azrael
 13759 | D:12     | Noticed a two-headed ogre
 13928 | D:13     | Noticed a centaur warrior
 13965 | D:13     | Killed a centaur warrior
 13965 | D:13     | Reached skill level 14 in Dodging
 14238 | D:13     | Noticed a two-headed ogre
 14331 | D:13     | Killed Kirke
 14331 | D:13     | Reached skill level 15 in Dodging
 14350 | D:13     | Killed a two-headed ogre
 14390 | D:13     | Found a gate to the Vaults.
 14431 | D:13     | Killed a two-headed ogre
 14753 | D:12     | Killed a two-headed ogre
 15110 | D:13     | Found Hugoa's Book Boutique.
 15177 | D:13     | Killed an ogre mage
 15177 | D:13     | Reached skill level 9 in Short Blades
 15411 | D:12     | Noticed a tengu warrior
 15428 | D:12     | Killed a tengu warrior
 15428 | D:12     | Reached skill level 7 in Fighting
 15428 | D:12     | Reached skill level 16 in Stealth
 15610 | D:12     | Noticed a seven-headed hydra
 15611 | D:12     | Noticed Gastronok
 15645 | D:12     | Killed a seven-headed hydra
 16065 | D:11     | Found a sparkling altar of Nemelex Xobeh.
 16082 | D:11     | Noticed a two-headed ogre
 16098 | D:11     | Killed a two-headed ogre
 16098 | D:11     | Reached skill level 1 in Evocations
 16317 | D:11     | Reached skill level 2 in Evocations
 16317 | D:11     | Reached XP level 13. HP: 61/67 MP: 9/26
 16524 | D:11     | Identified +0 acid dragon scales
 16948 | D:11     | Reached skill level 3 in Evocations
 17053 | D:11     | Reached ****** piety under Wu Jian
 17179 | D:11     | Found a staircase to the Orcish Mines.
 17228 | D:11     | Reached skill level 10 in Short Blades
 17688 | D:12     | Killed Gastronok
 17688 | D:12     | Reached skill level 4 in Evocations
 17704 | D:12     | Killed Azrael
 17704 | D:12     | Reached skill level 1 in Shields
 18456 | Lair:1   | Entered Level 1 of the Lair of Beasts
 18460 | Lair:1   | Reached skill level 17 in Stealth
 18493 | Lair:1   | Reached skill level 8 in Fighting
 18572 | Lair:1   | Reached skill level 5 in Evocations
 18681 | Lair:1   | Reached skill level 2 in Shields
 19424 | Lair:2   | Found a hole to the Spider Nest.
 19733 | Lair:2   | Identified +0 steam dragon scales
 19733 | Lair:2   | Reached skill level 6 in Evocations
 19840 | Lair:2   | Found a staircase to the Shoals.
 20031 | Lair:2   | Got a scintillating marble ring
 20033 | Lair:2   | Identified the ring "Paed Xut" {*Tele Int+3} (You found it
                  | on level 2 of the Lair of Beasts)
 20296 | Lair:2   | Reached skill level 3 in Shields
 20461 | Lair:2   | Found a runed translucent door.
 20722 | Lair:2   | Reached skill level 7 in Evocations
 21439 | Lair:3   | Reached skill level 18 in Stealth
 21498 | Lair:3   | Reached XP level 14. HP: 74/74 MP: 27/27
 22274 | Lair:4   | Reached skill level 9 in Fighting
 22278 | Lair:4   | Reached skill level 4 in Shields
 22291 | Lair:4   | Reached skill level 8 in Evocations
 23005 | Lair:5   | Noticed Josephine
 23024 | Lair:5   | Killed Josephine
 23444 | Lair:5   | Learned a level 4 spell: Fulminant Prism
 23771 | Lair:5   | Found a runed translucent door.
 23772 | Lair:5   | Found a viscous altar of Jiyva.
 23772 | Lair:5   | Noticed an acid blob
 23784 | Lair:5   | Found a staircase to the Slime Pits.
 23784 | Lair:5   | Noticed an acid blob
 23784 | Lair:5   | Noticed an acid blob
 24398 | Lair:6   | Entered Level 6 of the Lair of Beasts
 24405 | Lair:6   | Noticed Rupert
 24412 | Lair:6   | Killed Rupert
 24412 | Lair:6   | Reached skill level 5 in Shields
 24452 | Lair:6   | Reached skill level 19 in Stealth
 24542 | Lair:6   | Got a dazzling flail
 24543 | Lair:6   | Lost strength.
 24543 | Lair:6   | Identified the +7 flail of Dim Light {antimagic, *Corrode
                  | Str-5 Int+8 Stlth+} (You found it on level 6 of the Lair of
                  | Beasts)
 25386 | Lair:6   | Reached skill level 10 in Fighting
 25766 | Lair:6   | Reached skill level 6 in Shields
 26590 | Lair:6   | Reached skill level 20 in Stealth
 26982 | Lair:5   | Reached XP level 15. HP: 67/80 MP: 21/28
 27780 | Lair:6   | Got a translucent short sword
 27781 | Lair:6   | Identified the cursed +1 short sword "Dianoyc" {pierce,
                  | rC++} (You found it on level 6 of the Lair of Beasts)
 27976 | Lair:6   | Reached skill level 7 in Shields
 29046 | Lair:5   | Found a runed translucent door.
 29047 | Lair:5   | Found a viscous altar of Jiyva.
 29048 | Lair:5   | Found a staircase to the Slime Pits.
 30295 | Orc:1    | Entered Level 1 of the Orcish Mines
 30295 | Orc:1    | Noticed Urug
 30306 | Orc:1    | Noticed Maurice
 30311 | Orc:1    | Killed Urug
 30320 | Orc:1    | Killed Maurice
 30534 | Orc:1    | Reached skill level 21 in Stealth
 30800 | Orc:1    | Found a roughly hewn altar of Beogh.
 31081 | Orc:1    | Found Zeun's Antique Weapon Emporium.
 31234 | Orc:2    | Entered Level 2 of the Orcish Mines
 31234 | Orc:2    | Found a frozen archway.
 31322 | IceCv    | Entered an ice cave
 33358 | IceCv    | Got ichor-stained ice dragon scales
 33566 | Orc:1    | Identified the +1 ice dragon scales of Bat Zuah {rF- rC++
                  | Int+5} (You found it in an ice cave)
 34061 | Orc:2    | Reached skill level 22 in Stealth
 34233 | Orc:2    | Found a staircase to the Elven Halls.
 35109 | Orc:1    | Found Zeun's Antique Weapon Emporium.
 35234 | Orc:1    | Found a roughly hewn altar of Beogh.
 35844 | Orc:2    | Found Qyorruts's Distillery.
 35847 | Orc:2    | Found Tyariome's Armour Shop.
 35848 | Orc:2    | Found Maots's General Store.
 35849 | Orc:2    | Found Lyeso's Antique Armour Boutique.
 36149 | Orc:2    | Bought a bloodstained hat for 180 gold pieces
 36159 | Orc:2    | Identified the +2 hat of Sorcery {-Tele rElec Str+8 Int-2}
                  | (You bought it in a shop on level 2 of the Orcish Mines)
 36172 | Orc:2    | Bought the +1 cloak "Suolay" {rElec rF+ rCorr SInv} for 604
                  | gold pieces
 36185 | Orc:2    | Bought a scroll of vulnerability for 105 gold pieces
 36185 | Orc:2    | Bought a potion of invisibility for 112 gold pieces
 36189 | Orc:2    | Bought a potion of haste for 120 gold pieces
 36189 | Orc:2    | Bought a potion of heal wounds for 60 gold pieces
 36189 | Orc:2    | Bought a potion of resistance for 120 gold pieces
 36189 | Orc:2    | Bought a potion of degeneration for 12 gold pieces
 36189 | Orc:2    | Bought a potion of ambrosia for 96 gold pieces
 36189 | Orc:2    | Bought a potion of berserk rage for 60 gold pieces
 36189 | Orc:2    | Bought a potion of magic for 96 gold pieces
 36189 | Orc:2    | Bought a potion of heal wounds for 60 gold pieces
 36189 | Orc:2    | Bought a potion of agility for 48 gold pieces
 36189 | Orc:2    | Bought 2 potions of lignification for 72 gold pieces
 36189 | Orc:2    | Bought a potion of haste for 120 gold pieces
 36189 | Orc:2    | Bought a potion of mutation for 96 gold pieces
 36318 | D:14     | Found a flagged portal.
 36343 | Bailey   | Entered a bailey
 36488 | Bailey   | Identified a cursed +0 crystal plate armour
 36524 | Bailey   | Found the +3 hat of Pondering {ponderous, MR+ MP+10 Int+5}
 36525 | Bailey   | Identified a +0 crystal plate armour
 36692 | Bailey   | Reached skill level 23 in Stealth
 37814 | D:14     | Found Agheiqiw's Distillery.
 37823 | D:14     | Bought a potion of might for 44 gold pieces
 37823 | D:14     | Bought a potion of heal wounds for 55 gold pieces
 37823 | D:14     | Bought a potion of heal wounds for 55 gold pieces
 37823 | D:14     | Bought a potion of haste for 110 gold pieces
 38948 | D:15     | Entered Level 15 of the Dungeon
 38956 | D:15     | Noticed Nessos
 39072 | D:15     | Killed Nessos
 39248 | D:15     | Reached skill level 24 in Stealth
 39416 | D:15     | Reached XP level 16. HP: 85/85 MP: 29/29
 39660 | D:15     | Identified a +1 robe of the Archmagi
 39662 | D:15     | Found a staircase to the Depths.
 40291 | Spider:1 | Entered Level 1 of the Spider Nest
 40436 | Spider:1 | Reached skill level 25 in Stealth
 40548 | Spider:1 | HP: 3/85 [wolf spider (19)]
 40553 | Spider:1 | HP: 2/85 [poisoned by a wolf spider]
 42540 | Spider:2 | Reached skill level 26 in Stealth
 42764 | Spider:2 | Noticed Arachne
 43315 | Spider:2 | Reached skill level 27 in Stealth
 43347 | Spider:2 | Killed Arachne
 44590 | Spider:2 | Reached skill level 1 in Conjurations
 45065 | Spider:3 | Reached skill level 11 in Hexes
 45591 | Spider:3 | Reached XP level 17. HP: 89/89 MP: 27/30
 45699 | Spider:3 | Reached skill level 9 in Spellcasting
 46291 | Spider:3 | Reached skill level 2 in Conjurations
 46980 | Spider:4 | Entered Level 4 of the Spider Nest
 47009 | Spider:4 | Found the +2 hat of the Bear Spirit {Spirit, +Rage rN+
                  | MR++}
 47290 | Spider:4 | Reached skill level 12 in Hexes
 48451 | Spider:4 | Reached skill level 3 in Conjurations
 48847 | Spider:4 | Reached skill level 10 in Spellcasting
 49257 | Spider:4 | Reached skill level 13 in Hexes
 49648 | Spider:4 | Got a gossamer rune of Zot
 49781 | Shoals:1 | Entered Level 1 of the Shoals
 49847 | Shoals:1 | Reached skill level 4 in Conjurations
 50953 | Shoals:1 | Reached skill level 1 in Poison Magic
 50969 | Shoals:1 | Reached skill level 1 in Air Magic
 51232 | Shoals:1 | HP: 1/89 [wind drake/the air (20)]
 51232 | Shoals:1 | Killed from afar by a manticore

Vanquished Creatures
  Arachne (Spider:2)
  Rupert (Lair:6)
  Gastronok (D:12)
  Kirke (D:13)
  8 emperor scorpions
  6 ghost moths
  3 entropy weavers
  A reaper (IceCv)
  Nessos (D:15)
  2 spark wasps (Spider:2)
  A dire elephant (Lair:6)
  Azrael (D:12)
  A merfolk javelineer (Shoals:1)
  A merfolk impaler (Shoals:1)
  Josephine (Lair:5)
  7 hydras
  A rakshasa (D:15)
  A merfolk avatar (Shoals:1)
  2 catoblepae
  A centaur warrior (D:13)
  19 death yaks
  A merfolk aquamancer (Shoals:1)
  6 two-headed ogres
  A death knight (D:15)
  An ogre mage (D:13)
  A deep troll shaman (Lair:6)
  A tengu warrior (D:12)
  6 orc high priests
  Urug (Orc:1)
  A skeletal warrior (D:13)
  2 unseen horrors
  A glowing orange brain (D:15)
  5 harpies
  A wolf spider zombie (D:9)
  5 orc knights
  18 orb spiders
  32 wolf spiders
  An orc sorcerer (Orc:1)
  A lindwurm (Lair:2)
  13 ugly things
  An oklob plant (Lair:1)
  2 deep elf magi
  2 cyclopes
  2 moths of wrath (Spider:3)
  Maurice (Orc:1)
  A manticore (D:11)
  12 elephants
  A centaur zombie (D:11)
  2 water nymphs (Shoals:1)
  A guardian serpent (shapeshifter) (D:15)
  Joseph (D:7)
  An eye of devastation (shapeshifter) (D:15)
  A torpor snail (Spider:3)
  7 black mambas
  4 merfolk sirens
  3 centaur skeletons
  2 ice statues (IceCv)
  12 spiny frogs
  5 yaktaurs (D:13)
  2 rime drakes
  11 komodo dragons
  10 ice devils (IceCv)
  An efreet (D:14)
  11 demonic crawlers
  3 kobold demonologists
  9 merfolk
  6 polar bears
  A queen bee (shapeshifter) (D:15)
  7 trolls
  A tengu conjurer (D:11)
  33 jumping spiders
  4 tyrant leeches
  A wind drake (Shoals:1)
  2 snapping turtles (Shoals:1)
  A wolf spider simulacrum (D:14)
  4 blink frogs (Lair:6)
  4 slime creatures (D:15)
  4 dream sheep (Lair:6)
  18 hippogriffs
  A shadow (D:12)
  A centaur simulacrum (D:15)
  Sigmund (D:2)
  A meliai zombie (D:11)
  60 redbacks
  28 tarantellas
  42 yaks
  8 wyverns
  4 water elementals
  6 fire elementals
  6 wraiths
  3 basilisks
  A hungry ghost (D:10)
  A human (D:11)
  2 steam dragons
  2 hogs (D:13)
  Menkaure (D:4)
  2 soldier ants
  2 acid dragons
  2 hell hounds (D:12)
  10 porcupines
  13 water moccasins
  A hornet zombie (D:13)
  46 orc warriors
  3 ice beasts
  A phantom (D:9)
  9 sky beasts
  5 black bears
  15 ogres
  A boggart (D:13)
  7 necrophages
  6 wolves (Lair:6)
  19 centaurs
  21 crocodiles
  13 big kobolds
  A gnoll sergeant (D:10)
  16 bullfrogs
  4 earth elementals
  7 scorpions
  4 killer bees (D:9)
  19 wights
  A howler monkey (D:5)
  11 crimson imps
  2 bullfrog zombies
  A quasit (D:5)
  26 orc priests
  3 jellies
  6 bullfrog skeletons
  8 hounds
  2 iguanas
  18 orc wizards
  10 worker ants
  A hound skeleton (D:10)
  A howler monkey zombie (D:6)
  2 worker ant zombies
  8 gnolls
  17 adders
  2 river rats
  A shadow imp (D:15)
  6 white imps (IceCv)
  4 ufetubi (IceCv)
  4 oozes
  2 adder skeletons
  4 worms
  2 dart slugs
  7 leopard geckos
  97 orcs
  3 ball pythons
  13 giant cockroaches
  8 goblins
  5 hobgoblins
  10 jackals
  6 quokkas
  A bat (D:1)
  2 frilled lizards (D:1)
  39 kobolds
  3 leopard gecko skeletons
  A quokka zombie (D:9)
  12 rats
  A butterfly (Lair:3)
  A plant (Lair:6)
1099 creatures vanquished.

Vanquished Creatures (others)
  A wizard (D:7)
  A redback (Spider:3)
  A bullfrog skeleton (D:11)
  6 white imps (IceCv)
  3 ufetubi (IceCv)
  An orc (Orc:1)
  A bush (Lair:4)
  20 fulminant prisms
  58 fungi
  26 plants
  10 toadstools (Lair:2)
128 creatures vanquished.

Grand Total: 1227 creatures vanquished
